2774 views
Uploaded 2020-02-29 14:37:18
Game version 1.32.2
16:40 long 1on1 ladder game on (2)LastRefuge
Saved by BEARAND
2774 views
Uploaded 2020-02-29 14:37:18
Game version 1.32.2
16:40 long 1on1 ladder game on (2)LastRefuge

22 units @ 4.3k
/ 0.9k
13 buildings @ 2k
/ 0.7k



| Scroll of Town Portal | 1 | 350 |
| total: | 1 | 350g |
| Acolyte | 2 | 150 | / | 0 |
| Ghoul | 2 | 240 | / | 0 |
| Crypt Fiend | 7 | 1505 | / | 280 |
| Abomination | 5 | 1200 | / | 350 |
| Meat Wagon | 1 | 230 | / | 50 |
| Banshee | 3 | 465 | / | 90 |
| Goblin Zeppelin | 2 | 480 | / | 120 |
| total: | 22 | 4270g | / | 890w |
| Nerubian Tower | 1 | 100 | / | 20 |
| Spirit Tower | 1 | 145 | / | 40 |
| Altar of Darkness | 1 | 180 | / | 50 |
| Ziggurat | 6 | 900 | / | 300 |
| Crypt | 1 | 200 | / | 50 |
| Graveyard | 1 | 215 | / | 0 |
| Tomb of Relics | 2 | 260 | / | 60 |
| Slaughterhouse | 1 | 140 | / | 135 |
| Temple of the Damned | 1 | 155 | / | 140 |
| Halls of the Dead | 1 | 320 | / | 210 |
| Black Citadel | 1 | 325 | / | 230 |
| total: | 13 | 2050g | / | 735w |
| 0:02 | Acolyte |
| 0:02 | Acolyte |
| 0:11 | Altar of Darkness |
| 0:15 | Ziggurat |
| 0:35 | Crypt |
| 0:59 | Graveyard |
| 1:40 | Ghoul |
| 1:40 | Ghoul |
| 1:48 | Ziggurat |
| 1:56 | Nerubian Tower |
| 2:14 | Death Coil |
| 2:21 | Crypt Fiend |
| 2:46 | Crypt Fiend |
| 3:01 | Halls of the Dead |
| 3:29 | Crypt Fiend |
| 3:54 | Crypt Fiend |
| 4:16 | Ziggurat |
| 4:23 | Crypt Fiend |
| 5:33 | Howl of Terror |
| 5:41 | Black Citadel |
| 6:12 | Crypt Fiend |
| 6:20 | Slaughterhouse |
| 6:55 | Web |
| 7:21 | Ziggurat |
| 8:19 | Tomb of Relics |
| 8:57 | Abomination |
| 8:57 | Abomination |
| 9:07 | Temple of the Damned |
| 9:11 | Tomb of Relics |
| 9:42 | Black Arrow |
| 9:49 | Burrow |
| 10:08 | Cleaving Attack |
| 10:11 | Death Pact |
| 10:28 | Abomination |
| 10:28 | Abomination |
| 10:33 | Meat Wagon |
| 10:41 | Ziggurat |
| 10:43 | Banshee |
| 10:43 | Banshee |
| 11:36 | Crypt Fiend |
| 11:46 | Banshee |
| 11:59 | Abomination |
| 12:49 | Scroll of Town Portal |
| 13:32 | Death Coil |
| 13:41 | Goblin Zeppelin |
| 14:04 | Spirit Tower |
| 14:15 | Goblin Zeppelin |
| 14:44 | Ziggurat |
| 15:27 | Howl of Terror |
| Right click | 704 |
| Select | 186 |
| Select group | 115 |
| Build/train/purchase | 51 |
| Use ability | 18 |
| Assign group | 15 |
| Misc. action | 7 |
| Remove unit | 2 |
| Item give/drop | 1 |
23 units @ 2.3k
/ 0.2k
43 buildings @ 2.5k
/ 1.2k


| Scroll of Regeneration | 2 | 200 |
| Potion of Healing | 2 | 300 |
| Lesser Clarity Potion | 2 | 140 |
| Potion of Mana | 2 | 400 |
| Boots of Speed | 1 | 250 |
| Staff of Teleportation | 1 | 150 |
| total: | 10 | 1440g |
| Peasant | 19 | 1425 | / | 0 |
| Priest | 2 | 270 | / | 20 |
| Goblin Shredder | 1 | 375 | / | 100 |
| Goblin Zeppelin | 1 | 240 | / | 60 |
| total: | 23 | 2310g | / | 180w |
| Scout Tower | 32 | 960 | / | 640 |
| Arcane Tower | 2 | 140 | / | 100 |
| Guard Tower | 24 | 1680 | / | 1200 |
| Farm | 5 | 400 | / | 100 |
| Lumber Mill | 1 | 120 | / | 0 |
| Altar of Kings | 1 | 180 | / | 50 |
| Arcane Vault | 2 | 260 | / | 60 |
| Town Hall | 1 | 385 | / | 205 |
| Arcane Sanctum | 1 | 150 | / | 140 |
| Keep | 1 | 320 | / | 210 |
| Castle | 1 | 360 | / | 210 |
| total: | 43 | 2455g | / | 1195w |
| 0:02 | Peasant |
| 0:02 | Peasant |
| 0:12 | Farm |
| 0:17 | Scout Tower |
| 0:19 | Peasant |
| 0:32 | Peasant |
| 0:38 | Lumber Mill |
| 0:42 | Altar of Kings |
| 0:44 | Arcane Tower |
| 0:46 | Peasant |
| 1:04 | Farm |
| 1:07 | Peasant |
| 1:18 | Peasant |
| 1:34 | Peasant |
| 1:39 | Scout Tower |
| 1:41 | Peasant |
| 2:06 | Scout Tower |
| 2:06 | Guard Tower |
| 2:19 | Chemical Rage |
| 2:40 | Guard Tower |
| 2:41 | Scout Tower |
| 2:42 | Scout Tower |
| 2:43 | Peasant |
| 2:43 | Peasant |
| 2:43 | Peasant |
| 2:44 | Peasant |
| 2:44 | Peasant |
| 2:56 | Arcane Vault |
| 3:21 | Farm |
| 3:46 | Guard Tower |
| 3:47 | Peasant |
| 3:57 | Guard Tower |
| 4:04 | Scout Tower |
| 4:06 | Scout Tower |
| 4:06 | Scout Tower |
| 4:34 | Acid Bomb |
| 4:43 | Keep |
| 4:45 | Guard Tower |
| 4:46 | Scout Tower |
| 4:47 | Scout Tower |
| 4:49 | Scroll of Regeneration |
| 5:12 | Improved Masonry |
| 5:13 | Guard Tower |
| 5:13 | Guard Tower |
| 5:58 | Guard Tower |
| 6:08 | Farm |
| 6:09 | Farm |
| 6:11 | Boots of Speed |
| 6:11 | Staff of Teleportation |
| 6:14 | Scout Tower |
| 6:15 | Scout Tower |
| 6:16 | Scout Tower |
| 6:17 | Scout Tower |
| 6:19 | Scout Tower |
| 6:41 | Guard Tower |
| 6:44 | Guard Tower |
| 6:45 | Guard Tower |
| 7:07 | Arcane Sanctum |
| 7:09 | Chemical Rage |
| 7:49 | Scroll of Regeneration |
| 7:56 | Potion of Healing |
| 8:54 | Town Hall |
| 8:58 | Scout Tower |
| 8:59 | Scout Tower |
| 8:59 | Scout Tower |
| 9:00 | Scout Tower |
| 9:00 | Scout Tower |
| 9:01 | Scout Tower |
| 9:14 | Scout Tower |
| 9:18 | Magic Sentry |
| 9:28 | Guard Tower |
| 9:31 | Arcane Tower |
| 9:45 | Guard Tower |
| 9:53 | Priest |
| 9:56 | Guard Tower |
| 10:01 | Guard Tower |
| 10:19 | Priest |
| 10:29 | Scout Tower |
| 10:29 | Scout Tower |
| 10:31 | Scout Tower |
| 10:31 | Scout Tower |
| 10:35 | Scout Tower |
| 10:37 | Scout Tower |
| 10:58 | Lesser Clarity Potion |
| 11:05 | Guard Tower |
| 11:06 | Advanced Masonry |
| 11:12 | Guard Tower |
| 11:27 | Guard Tower |
| 11:29 | Scout Tower |
| 11:30 | Scout Tower |
| 11:31 | Scout Tower |
| 11:32 | Scout Tower |
| 12:24 | Guard Tower |
| 12:28 | Peasant |
| 12:28 | Peasant |
| 12:28 | Peasant |
| 12:28 | Peasant |
| 12:44 | Potion of Healing |
| 12:45 | Lesser Clarity Potion |
| 12:51 | Holy Light |
| 13:00 | Guard Tower |
| 13:02 | Guard Tower |
| 13:39 | Goblin Shredder |
| 13:39 | Goblin Zeppelin |
| 13:49 | Acid Bomb |
| 14:18 | Guard Tower |
| 14:18 | Guard Tower |
| 14:46 | Castle |
| 14:54 | Arcane Vault |
| 15:31 | Divine Shield |
| 15:47 | Potion of Mana |
| 15:47 | Potion of Mana |
| Right click | 1361 |
| Select | 367 |
| Select group | 161 |
| Build/train/purchase | 132 |
| Use ability | 35 |
| Assign group | 16 |
| Misc. action | 12 |
| Item give/drop | 2 |
| Remove unit | 1 |